 Dungeon Crawl Stone Soup version 0.30.0-13-g156ef70053 (webtiles) character file.

Game seed: 5060806551626932382

2653 Sobieck the Geomancer (level 9, -3/73 HPs)
             Began as a Ghoul Earth Elementalist on May 17, 2023.
             Was a Believer of Sif Muna.
             Slain by an unseen horror (5 damage)
             ... on level 7 of the Dungeon on May 18, 2023.
             The game lasted 00:20:17 (8152 turns).

Sobieck the Geomancer (Ghoul Earth Elementalist)    Turns: 8152, Time: 00:20:17

Health: -3/73      AC:  5    Str: 12    XL:     9   Next: 62%
Magic:  10/14      EV: 12    Int: 14    God:    Sif Muna [**....]
Gold:   388        SH:  0    Dex:  9    Spells: 10/16 levels left

rFire   . . .        u - +2 whip (elec) {mace}
rCold   + . .        (no shield)
rNeg    + + +        a - +0 robe
rPois   ∞            (no helmet)
rElec   .            (no cloak)
rCorr   .            r - +1 pair of gloves
SInv    .            G - +0 pair of boots
Will    .....        g - amulet of regeneration {@e2}
Stlth   ++           (no ring)
HPRegen 0.00/turn    (no ring)
MPRegen 0.14/turn

%: no passive effects
@: inhibited regen, invisible
A: claws 1, cold resistance 1, negative energy resistance 3, inhibited
regeneration, torment resistance 2, devour on kill
a: Renounce Religion, Channel Magic


You were on level 7 of the Dungeon.
You worshipped Sif Muna.
Sif Muna was pleased with you.
You visited 1 branch of the dungeon, and saw 7 of its levels.

You collected 421 gold pieces.
You spent 33 gold pieces at shops.


Innate Abilities, Weirdness & Mutations

You are immune to poison.
You have sharp fingernails.
Your flesh is cold resistant. (rC+)
You are immune to negative energy. (rN+++)
You do not regenerate when monsters are visible.
You are immune to unholy pain and torment.
You thrive by killing the living.


   Skills:
 + Level 4.9 Fighting
 - Level 1.7 Dodging
 - Level 2.1 Stealth
 + Level 4.3 Spellcasting
 - Level 0.8 Transmutations
 * Level 11.3 Earth Magic
 + Level 4.6 Invocations


You had 10 spell levels left.
You knew the following spells:

 Your Spells              Type           Power      Damage    Failure   Level
a - Sandblast             Erth           68%        2d15      1%          1
b - Stone Arrow           Conj/Erth      36%        3d9       5%          3
c - Passwall              Tmut/Erth      16%        N/A       2%          2

Your spell library contained the following spells:

 Spells                   Type           Power      Damage    Failure   Level
 Petrify                  Tmut/Erth      20%        N/A       16%         4
 Leda's Liquefaction      Hex/Erth       9%         N/A       19%         4
 Blink                    Tloc           6%         N/A       28%         2
 Call Canine Familiar     Summ           3%         N/A       50%         3
 Portal Projectile        Hex/Tloc       6%         N/A       50%         3
 Manifold Assault         Tloc           3%         N/A       88%         4
 Storm Form               Tmut/Air       Unusable   N/A       N/A         7

Inventory:

Hand Weapons
 c - a +0 halberd {polearm}
   (You found it on level 1 of the Dungeon)
 u - a +2 whip of electrocution (weapon) {mace}
   (You found it on level 3 of the Dungeon)
Missiles
 e - 4 boomerangs {throwing}
 k - 32 stones {throwing}
 B - 4 javelins {throwing}
 I - 12 poisoned darts {throwing}
Armour
 a - a +0 robe (worn)
 f - a +0 leather armour
   (You took it off an orc on level 7 of the Dungeon)
 j - a +0 leather armour
   (You found it on level 2 of the Dungeon)
 q - a +0 robe
   (You found it on level 3 of the Dungeon)
 r - a +1 pair of gloves (worn)
   (You found it on level 2 of the Dungeon)
 s - a +0 robe
   (You found it on level 2 of the Dungeon)
 t - a +0 plate armour
   (You found it on level 3 of the Dungeon)
 w - a +0 robe
   (You took it off an orc wizard on level 3 of the Dungeon)
 y - a +0 leather armour
   (You found it on level 3 of the Dungeon)
 C - a +0 robe
   (You found it on level 3 of the Dungeon)
 D - a +0 chain mail
   (You found it on level 5 of the Dungeon)
 E - a +0 robe
   (You took it off an orc wizard on level 3 of the Dungeon)
 G - a +0 pair of boots (worn)
   (You found it on level 4 of the Dungeon)
 K - a +0 ring mail
   (You found it on level 4 of the Dungeon)
 L - a +0 scale mail
   (You found it on level 4 of the Dungeon)
 M - a +0 ring mail
   (You took it off an orc on level 5 of the Dungeon)
 N - a +0 ring mail
   (You took it off an orc on level 5 of the Dungeon)
 O - a +0 ring mail
   (You found it on level 5 of the Dungeon)
 P - a +0 leather armour
   (You took it off Ijyb on level 4 of the Dungeon)
 S - a +0 ring mail
   (You took it off an orc on level 5 of the Dungeon)
 T - a +0 robe
   (You took it off an orc wizard on level 5 of the Dungeon)
 U - a +0 robe
   (You took it off a wight on level 6 of the Dungeon)
 V - a +0 ring mail
   (You found it on level 6 of the Dungeon)
 W - a +0 leather armour
   (You found it on level 6 of the Dungeon)
 X - a +0 robe
   (You took it off a wight on level 6 of the Dungeon)
 Y - a +0 robe
   (You took it off a wight on level 6 of the Dungeon)
Jewellery
 g - an amulet of regeneration (around neck) {@e2}
   (You found it on level 1 of the Dungeon)
 z - an amulet of faith {!P}
   (You found it on level 3 of the Dungeon)
 Z - a ring of ice
   (You took it off a wight on level 6 of the Dungeon)
Wands
 v - a wand of mindburst (22)
   (You found it on level 7 of the Dungeon)
 Q - a wand of charming (5)
   (You took it off Ijyb on level 4 of the Dungeon)
Scrolls
 d - 2 scrolls of amnesia
 o - 2 scrolls of fog
 p - 3 scrolls of vulnerability {!r!r}
 H - a scroll of teleportation {@r4}
 J - 2 scrolls of fear
Potions
 b - 3 potions of magic
 h - a potion of flight {unknown}
 i - 2 potions of lignification
 l - a potion of invisibility
 m - a potion of might
 n - 2 potions of curing {@q1}
 A - a potion of cancellation
 F - 3 potions of attraction {!q}
 R - a potion of haste {@q3}

Dungeon Overview and Level Annotations

Branches:
Dungeon (7/15) Zot: 26183  Temple (0/1) D:5

Altars:
Ashenzari
Makhleb
Ru
Sif Muna
Xom

Shops:
D:1 :   D:2 !   D:5 :   D:7 *

Annotations:
D:3 2 transporters
D:5 3 runed translucent doors, HeliumTrimp's ghost, novice FoFi

+##§≈.##≈.≈##.≈§####.##
#.......
..##≈≈.##.##.§§##[....#
#.......
...##§≈.#.#.≈≈####....#
#.......
....##≈≈§..§≈##.......##
#.......
.....##§≈.§≈###.#####..#
#....... ####.###≈.§##
#.# ##.###.......
#.####'## #.#
#..##....... #......#
#.#######..#)......
########
#.@................
#############.#....
#..>.## #####.#.#.#
#.....#.#.. #.#####.#.#
#.#####.#.. #..[.......
#..........


There were no monsters in sight!


Message History

You kill the orc wizard!
Sif Muna accepts your kill.
You can't see any susceptible monsters within range! (Use Z to cast anyway.)
You now have 375 gold pieces (gained 17).
Things that are here:
a +0 dagger {short}; a +0 robe; an orc corpse A shadow imp comes into view.
The shadow imp shouts, "Give up, thou gorbellied common-kissing bandersnitch!"
The shadow imp moves out of view.
Unknown command.
Danger!
The blast of sand hits the shadow imp!
You kill the shadow imp!
Sif Muna accepts your kill.
You can't see any susceptible monsters within range! (Use Z to cast anyway.)
You now have 388 gold pieces (gained 13).
You see here a +0 ring mail.
Things that are here:
a +0 dagger {short}; a +0 robe; an orc corpse Something hits you but does no damage.
Deactivating autopickup; reactivate with Ctrl-A.
Danger!
You can't see any susceptible monsters within range! (Use Z to cast anyway.) Unknown command.
Casting: Sandblast (safe; 1% risk of failure)
Confirm with . or Enter, or press ? or * to list all spells.
Aiming: Sandblast (safe; 1% risk of failure)
Press: ? - help, Shift-Dir - straight line Something hits you.
Casting: Sandblast (safe; 1% risk of failure)
Confirm with . or Enter, or press ? or * to list all spells.
Aiming: Sandblast (safe; 1% risk of failure)
Press: ? - help, Shift-Dir - straight line The blast of sand hits something!
Something hits you but does no damage. Something hits you but does no damage.
Something hits you. Something hits you. Something hits you! Something hits you!
Something barely misses you. Something hits you!
* * * LOW HITPOINT WARNING * * *
Something hits you.
* * * LOW HITPOINT WARNING * * *
Something hits you but does no damage.
You feel much better. Something barely misses you. Something hits you.
Danger!
Casting: Sandblast (safe; 1% risk of failure)
Confirm with . or Enter, or press ? or * to list all spells.
Aiming: Sandblast (safe; 1% risk of failure)
Press: ? - help, Shift-Dir - straight line The blast of sand hits something!
Something hits you. Something hits you!
* * * LOW HITPOINT WARNING * * *
Casting: Sandblast (safe; 1% risk of failure)
Confirm with . or Enter, or press ? or * to list all spells.
Aiming: Sandblast (safe; 1% risk of failure)
Press: ? - help, Shift-Dir - straight line Something hits you!
* * * LOW HITPOINT WARNING * * *
Something hits you!
* * * LOW HITPOINT WARNING * * *
Casting: Sandblast (safe; 1% risk of failure)
Confirm with . or Enter, or press ? or * to list all spells.
Aiming: Sandblast (safe; 1% risk of failure)
Press: ? - help, Shift-Dir - straight line The blast of sand hits something but does no damage.
Something hits you but does no damage.
Danger!
Casting: Sandblast (safe; 1% risk of failure)
Confirm with . or Enter, or press ? or * to list all spells.
Aiming: Sandblast (safe; 1% risk of failure)
Press: ? - help, Shift-Dir - straight line Something hits you.
* * * LOW HITPOINT WARNING * * *
Something hits you.
* * * LOW HITPOINT WARNING * * *
Something hits you but does no damage.
Unknown command.
Casting: Sandblast (safe; 1% risk of failure)
Confirm with . or Enter, or press ? or * to list all spells.
Aiming: Sandblast (safe; 1% risk of failure)
Press: ? - help, Shift-Dir - straight line The blast of sand hits something!
Something completely misses you.
You feel better. Something hits you.
* * * LOW HITPOINT WARNING * * *
Something barely misses you.
Unknown command.
You fade into invisibility!
Something hits you but does no damage. Something hits you!
* * * LOW HITPOINT WARNING * * *
Unknown command.
Unknown command.
Casting: Sandblast (safe; 1% risk of failure)
Confirm with . or Enter, or press ? or * to list all spells.
Aiming: Sandblast (safe; 1% risk of failure)
Press: ? - help, Shift-Dir - straight line, f - you
Okay, then.
Unknown command.
Something hits you.
You die...

Skill      XL: |  1  2  3  4  5  6  7  8  9 |
---------------+----------------------------+-----
Earth Magic    | 4 5 6 7 8 9 10 11 | 11.3
Fighting       | 2 3 4 |  4.9
Spellcasting   | 2 3 4 |  4.3
Invocations    | 1 3 4 |  4.6
Dodging        | |  1.7
Stealth        | |  2.1
Transmutations | |  0.8

Action                     |  1- 3 |  4- 6 |  7- 9 || total
---------------------------+-------+-------+-------++-------
  Melee: Halberd           |    12 |       |       ||    12
         Whip              |    31 |    43 |     3 ||    77
         Punch             |       |       |     1 ||     1
   Cast: Sandblast         |    31 |   100 |   167 ||   298
         Stone Arrow       |       |       |    11 ||    11
    Use: Scroll            |       |     4 |    14 ||    18
         Potion            |       |       |     4 ||     4
 Armour: Robe              |    10 |    32 |    34 ||    76
  Dodge: Dodged            |    36 |    78 |    83 ||   197

Levels and vault maps discovered:
D:1:      scummos_arrival_simple_crosswalls, layout_loops_ring, serial_shops,
          nicolae_book_shop_shelving
D:2:      layout_basic, serial_shops, nicolae_shop_tiny_statue_garden,
          dreamdust_ecumenical_altar_grove
D:3:      gammafunk_steamed_eel, layout_rooms, nicolae_sif_muna_condensation,
          chequers_serial_rivers_marsh
D:4:      minmay_general_purpose_star, layout_rooms,
          grunt_temple_overflow_order_and_chaos_2, roderic_lattice_a
D:5:      layout_basic, ashenzari_conservatory_becter,
          nicolae_ru_the_path_less_chosen, temple_green,
          gammafunk_ghost_necromancy, serial_shops, shop, uniq_grinder,
          uniq_ijyb
D:6:      layout_rooms, xom_teletrap_fun, nicolae_tso_carved_into_rock
D:7:      layout_basic, kennysheep_diamond, nicolae_shop_gadgets

Notes
Turn   | Place    | Note
-------+----------+-------------------------------------------
     0 | D:1      | Sobieck the Ghoul Earth Elementalist began the quest for
                  | the Orb.
     0 | D:1      | Reached XP level 1. HP: 14/14 MP: 2/2
    85 | D:1      | Found Qekitar's Book Shop.
    97 | D:1      | You add the spells Blink and Manifold Assault to your
                  | library.
   643 | D:1      | Reached XP level 2. HP: 9/20 MP: 1/3
   647 | D:1      | Reached skill level 4 in Earth Magic
   927 | D:2      | Reached XP level 3. HP: 26/26 MP: 2/4
  1037 | D:2      | Found Ymebb's Distillery.
  1068 | D:2      | Bought a potion of curing for 33 gold pieces
  1169 | D:2      | HP: 5/26 [quokka (2)]
  1289 | D:2      | Reached skill level 5 in Earth Magic
  1466 | D:2      | Found a faded altar of an unknown god.
  1578 | D:2      | Reached XP level 4. HP: 33/33 MP: 3/5
  1840 | D:2      | You fall into a shaft and drop 1 floor!
  1872 | D:3      | Found a transporter.
  1908 | D:3      | Reached skill level 6 in Earth Magic
  1908 | D:3      | Reached XP level 5. HP: 38/38 MP: 1/6
  1975 | D:3      | Found a transporter.
  2025 | D:3      | Found a shimmering blue altar of Sif Muna.
  2052 | D:3      | Became a worshipper of Sif Muna the Loreminder
  2871 | D:3      | Learned a level 3 spell: Stone Arrow
  3073 | D:3      | Reached skill level 7 in Earth Magic
  3073 | D:3      | Reached XP level 6. HP: 45/45 MP: 0/7
  3741 | D:4      | Reached skill level 8 in Earth Magic
  3872 | D:4      | Reached XP level 7. HP: 37/50 MP: 0/8
  3964 | D:4      | Noticed a balrug
  3965 | D:4      | Found a burning altar of Makhleb.
  3979 | D:4      | Noticed an angel
  4437 | D:4      | Reached skill level 9 in Earth Magic
  4440 | D:4      | Learned a level 2 spell: Passwall
  4476 | D:5      | Entered Level 5 of the Dungeon
  4490 | D:5      | Reached skill level 1 in Fighting
  4490 | D:5      | Reached skill level 2 in Spellcasting
  4586 | D:5      | Reached * piety under Sif Muna
  4641 | D:5      | Found a broken altar of Ashenzari.
  4666 | D:5      | Found a staircase to the Ecumenical Temple.
  4764 | D:5      | Noticed Ijyb
  4787 | D:4      | Killed Ijyb
  4937 | D:4      | Reached skill level 2 in Fighting
  4937 | D:4      | Reached skill level 1 in Invocations
  4937 | D:4      | Reached XP level 8. HP: 58/61 MP: 5/10
  5057 | D:5      | Found a runed translucent gate.
  5057 | D:5      | Found a runed translucent gate.
  5057 | D:5      | Found a runed translucent gate.
  5205 | D:5      | Noticed Grinder
  5215 | D:5      | Killed Grinder
  5216 | D:5      | Reached skill level 3 in Fighting
  5216 | D:5      | Reached skill level 3 in Spellcasting
  5216 | D:5      | Reached skill level 2 in Invocations
  5463 | D:5      | Found Hydghownu's Book Emporium.
  5593 | D:5      | Reached skill level 10 in Earth Magic
  6014 | D:5      | Found a sacrificial altar of Ru.
  6065 | D:5      | Noticed HeliumTrimp's ghost (novice FoFi)
  6606 | D:6      | Reached skill level 3 in Invocations
  6621 | D:6      | Reached XP level 9. HP: 25/71 MP: 1/13
  6836 | D:6      | Found a shimmering altar of Xom.
  6852 | D:6      | Reached skill level 4 in Fighting
  6993 | D:5      | HP: 7/71 [wight/+3 long sword (13)]
  6996 | D:5      | Reached skill level 4 in Invocations
  7081 | D:6      | Reached skill level 4 in Spellcasting
  7081 | D:6      | Reached skill level 11 in Earth Magic
  7395 | D:7      | Reached ** piety under Sif Muna
  7483 | D:7      | Found Igifuf's Gadget Gallery.
  7498 | D:7      | You pick up a book of the Hunter and begin reading...
  7498 | D:7      | You add the spells Call Canine Familiar, Portal Projectile
                  | and Leda's Liquefaction to your library.
  8144 | D:7      | HP: 14/73 [something (7)]
  8149 | D:7      | HP: 12/73 [something (6)]
  8150 | D:7      | HP: 2/73 [something (10)]
  8152 | D:7      | Slain by an unseen horror

Vanquished Creatures
  Grinder (D:5)
  A water moccasin (D:5)
  3 ice beasts
  3 black bears
  2 centaurs (D:6)
  A phantom (D:4)
  A kobold brigand (D:6)
  2 bullfrogs
  3 scorpions
  8 wights
  4 hounds
  An orc priest (D:7)
  Ijyb (D:4)
  A sleepcap (D:6)
  7 iguanas
  6 orc wizards
  5 gnolls
  9 adders
  A white imp (D:6)
  A shadow imp (D:7)
  An ufetubus (D:6)
  2 worms
  4 dart slugs
  23 orcs
  4 ball pythons
  7 endoplasms
  3 giant cockroaches
  5 hobgoblins
  8 jackals
  5 quokkas
  A bat (D:3)
  3 frilled lizards (D:1)
  10 goblins
  10 kobolds
  2 rats
149 creatures vanquished.

Table legend:
 A = Non-vault XP
 B = Vault XP
 C = Vault XP percentage of total XP
 D = Non-vault monster count
 E = Vault monster count
 F = Vault count percentage of total count
                 A         B        C        D         E       F
            +---------+---------+-------+---------+---------+-------
      Total |    3448 |     342 |   9.0 |     143 |       6 |   4.0
            +---------+---------+-------+---------+---------+-------
        D:1 |      14 |       0 |   0.0 |      10 |       0 |   0.0
        D:2 |     113 |       0 |   0.0 |      28 |       0 |   0.0
        D:3 |     201 |       0 |   0.0 |      22 |       0 |   0.0
        D:4 |     616 |      47 |   7.1 |      29 |       4 |  12.1
        D:5 |     915 |     281 |  23.5 |      23 |       1 |   4.2
        D:6 |    1001 |       0 |   0.0 |      18 |       0 |   0.0
        D:7 |     588 |      14 |   2.3 |      13 |       1 |   7.1
            +---------+---------+-------+---------+---------+-------

Skill      XL: |  1  2  3  4  5  6  7  8  9 |
---------------+----------------------------+-----
Earth Magic    | 4 5 6 7 8 9 10 11 | 11.3
Fighting       | 2 3 4 |  4.9
Spellcasting   | 2 3 4 |  4.3
Invocations    | 1 3 4 |  4.6
Dodging        | |  1.7
Stealth        | |  2.1
Transmutations | |  0.8

Action                     |  1- 3 |  4- 6 |  7- 9 || total
---------------------------+-------+-------+-------++-------
  Melee: Halberd           |    12 |       |       ||    12
         Whip              |    31 |    43 |     3 ||    77
         Punch             |       |       |     1 ||     1
   Cast: Sandblast         |    31 |   100 |   167 ||   298
         Stone Arrow       |       |       |    11 ||    11
    Use: Scroll            |       |     4 |    14 ||    18
         Potion            |       |       |     4 ||     4
 Armour: Robe              |    10 |    32 |    34 ||    76
  Dodge: Dodged            |    36 |    78 |    83 ||   197

Illustrated notes

Table legend:
 A = Kills in this place as a percentage of kills in the entire game.
 B = Kills by you in this place as a percentage of kills by you in the entire game.
 C = Kills by friends in this place as a percentage of kills by friends in the entire game.
 D = Other kills in this place as a percentage of other kills in the entire game.
 E = Experience gained in this place as a percentage of experience gained in the entire game.
 F = Experience gained in this place divided by the number of levels of this place that you have seen.
                   A       B       C       D       E      F
               +-------+-------+-------+-------+-------+----------------------
         Total | 100.0 | 100.0 |   N/A |   N/A | 100.0 | 541.4
       Dungeon | 100.0 | 100.0 |   N/A |   N/A | 100.0 | 541.4
               +-------+-------+-------+-------+-------+----------------------

Table legend: (Time is in decaauts)
 A = Elapsed time spent in this place.
 B = Non-inter-level travel time spent in this place.
 C = Inter-level travel time spent in this place.
 D = Time resting spent in this place.
 E = Time spent auto-exploring this place.
 F = Levels seen in this place.
 G = Mean time per level.
                   A        B        C        D        E       F      G
               +--------+--------+--------+--------+--------+-----+--------+
         Total |   8334 |   8031 |    303 |   1900 |   4596 |   7 | 1190.6 |
       Dungeon |   8334 |   8031 |    303 |   1900 |   4596 |   7 | 1190.6 |
               +--------+--------+--------+--------+--------+-----+--------+

Top non-repeatable levels by time:
     D:5: 1946 daAuts
     D:4: 1570 daAuts
     D:2: 1508 daAuts
     D:3: 909 daAuts
     D:7: 815 daAuts
     D:6: 803 daAuts
     D:1: 780 daAuts
